 Dungeon Crawl Stone Soup version 0.21.1-1-g345015f (webtiles) character file.

104 empire the Ducker (level 4, -10/38 HPs)
             Began as a Gnoll Gladiator on Apr 6, 2018.
             Killed by nerve-wracking pain
             ... invoked by dscm's ghost
              (12 damage)
             ... on level 3 of the Dungeon.
             The game lasted 00:04:45 (1477 turns).

empire the Ducker (Gnoll Gladiator)                 Turns: 1477, Time: 00:04:46

Health: -10/38     AC:  4    Str: 17    XL:     4   Next: 80%
Magic:  5/5        EV: 22    Int: 10    God:
Gold:   134        SH:  0    Dex: 22    Spells: 5/5 levels left

rFire    . . .     SeeInvis .   a - +1 war axe
rCold    . . .     Gourm    .   (no shield)
rNeg     . . .     Faith    .   k - +0 leather armour (curse)
rPois    .         Spirit   .   c - +0 helmet
rElec    .         Reflect  .   (no cloak)
rCorr    .         Harm     .   (no gloves)
MR       .....                  (no boots)
Stlth    +++.......             (no amulet)
HPRegen  0.12/turn              (no ring)
MPRegen  0.09/turn              (no ring)

@: agile, hasted, very quick
A: distributed training, fangs 1, strong nose
a: no special abilities


You were on level 3 of the Dungeon.
You were not hungry.

You visited 1 branch of the dungeon, and saw 3 of its levels.

You collected 134 gold pieces.

Inventory:

Hand Weapons
 a - a +1 war axe (weapon)
Missiles
 b - 6 curare-tipped needles
 d - 4 throwing nets (quivered)
 h - 21 arrows
 j - 34 bolts
Armour
 c - a +0 helmet (worn)
 k - a cursed +0 leather armour (worn)
Wands
 s - a wand of polymorph (16)
Scrolls
 e - a scroll of remove curse {unknown}
 g - a scroll of noise {unknown}
 l - 2 scrolls of enchant weapon
Potions
 o - a potion of agility
Books
 n - a book of Conjurations

   Spells                             Type                      Level
   a - Magic Dart                     Conjuration                  1
   b - Searing Ray                    Conjuration                  2
   c - Dazzling Spray                 Conjuration/Hexes            3
   d - Fulminant Prism                Conjuration/Hexes            4
   e - Force Lance                    Conjuration/Translocation    4
   f - Iskenderun's Mystic Blast      Conjuration                  4
Comestibles
 f - 2 rations


   Skills:
 + Level 4.7 Fighting
 + Level 1.2 Short Blades
 + Level 1.2 Long Blades
 + Level 6.6 Axes
 + Level 1.2 Maces & Flails
 + Level 1.2 Polearms
 + Level 1.2 Staves
 + Level 1.2 Slings
 + Level 1.2 Bows
 + Level 1.2 Crossbows
 + Level 4.7 Throwing
 + Level 1.2 Armour
 + Level 6.6 Dodging
 + Level 1.2 Stealth
 + Level 1.2 Shields
 + Level 1.2 Unarmed Combat
 + Level 1.2 Spellcasting
 + Level 1.0 Conjurations
 + Level 1.0 Hexes
 + Level 1.0 Charms
 + Level 1.0 Summonings
 + Level 1.0 Necromancy
 + Level 1.0 Translocations
 + Level 1.0 Transmutations
 + Level 1.0 Fire Magic
 + Level 1.0 Ice Magic
 + Level 1.0 Air Magic
 + Level 1.0 Earth Magic
 + Level 1.0 Poison Magic
 + Level 1.3 Invocations
 + Level 1.2 Evocations


You had 5 spell levels left.
You didn't know any spells.

Dungeon Overview and Level Annotations

Branches:
Dungeon (3/15)

Altars:
Okawaru

Annotations:
D:2 Sigmund
D:3 Natasha; dscm's ghost, weakling DsNe


Innate Abilities, Weirdness & Mutations

Your experience applies equally to all skills.
You have very sharp teeth.
Your uncanny sense of smell can sniff out nearby items.


Message History

You barely miss the adder.
The adder is severely wounded.
You hit dscm's ghost. You barely miss the adder.
The adder completely misses you. x2
Dscm's ghost points at you and mumbles some strange words.
Pain shoots through your body!
* * * LOW HITPOINT WARNING * * *
As you read the scroll labeled DUTIAF LOPT, it crumbles to dust.
You smell mustard.
It was a scroll of random uselessness.
The adder misses you. The adder barely misses you.
As you read the scroll labeled PIESTO WIONN, it crumbles to dust.
The creatures around you are filled with an inner flame!
It was a scroll of immolation.
Dscm's ghost closely misses you. The adder completely misses you.
The adder closely misses you.
Natasha mumbles some strange words.
As you read the scroll labeled ITHRUF BURUAPLE, it crumbles to dust.
The scroll dissolves into smoke.
It was a scroll of fog.
Dscm's ghost casts a spell at you. Pain shoots through your body!
You die...

#########.#
#.# #.# #.#
#.# #.# #§#
#§### #§@§#


#SSW# #hbg# ∆..... .5..... ......... ####...#### #.... You could see Natasha
(inner flame), dscm's ghost (inner flame), 2 adders, a white imp, a hobgoblin
(inner flame) and a bat (inner flame).

Vanquished Creatures
  3 gnolls (D:2)
  An adder (D:2)
  2 oozes (D:1)
  2 worms
  3 leopard geckos (D:1)
  4 giant cockroaches
  8 goblins
  4 hobgoblins (D:1)
  A quokka (D:2)
  8 bats
  4 frilled lizards
  3 kobolds
  8 rats
51 creatures vanquished.

Notes
Turn   | Place    | Note
-------+----------+-------------------------------------------
     0 | D:1      | empire the Gnoll Gladiator began the quest for the Orb.
     0 | D:1      | Reached XP level 1. HP: 20/20 MP: 1/1
   123 | D:1      | Reached XP level 2. HP: 26/26 MP: 2/2
   350 | D:1      | Reached XP level 3. HP: 31/31 MP: 3/3
   654 | D:1      | Reached skill level 1 in Invocations
   962 | D:2      | Reached skill level 1 in Short Blades
   962 | D:2      | Reached skill level 1 in Long Blades
   962 | D:2      | Reached skill level 1 in Maces & Flails
   962 | D:2      | Reached skill level 1 in Polearms
   962 | D:2      | Reached skill level 1 in Staves
   962 | D:2      | Reached skill level 1 in Slings
   962 | D:2      | Reached skill level 1 in Bows
   962 | D:2      | Reached skill level 1 in Crossbows
   962 | D:2      | Reached skill level 1 in Armour
   962 | D:2      | Reached skill level 1 in Stealth
   962 | D:2      | Reached skill level 1 in Shields
   962 | D:2      | Reached skill level 1 in Unarmed Combat
   962 | D:2      | Reached skill level 1 in Spellcasting
   962 | D:2      | Reached skill level 1 in Evocations
  1000 | D:2      | Reached XP level 4. HP: 25/38 MP: 5/5
  1009 | D:2      | Reached skill level 1 in Conjurations
  1009 | D:2      | Reached skill level 1 in Hexes
  1009 | D:2      | Reached skill level 1 in Charms
  1009 | D:2      | Reached skill level 1 in Summonings
  1009 | D:2      | Reached skill level 1 in Necromancy
  1009 | D:2      | Reached skill level 1 in Translocations
  1009 | D:2      | Reached skill level 1 in Transmutations
  1009 | D:2      | Reached skill level 1 in Fire Magic
  1009 | D:2      | Reached skill level 1 in Ice Magic
  1009 | D:2      | Reached skill level 1 in Air Magic
  1009 | D:2      | Reached skill level 1 in Earth Magic
  1009 | D:2      | Reached skill level 1 in Poison Magic
  1203 | D:2      | Noticed Sigmund
  1384 | D:3      | Found an iron altar of Okawaru.
  1464 | D:3      | Noticed dscm's ghost (weakling DsNe)
  1469 | D:3      | Noticed Natasha
  1477 | D:3      | Killed from afar by dscm's ghost

Skill      XL: |  1  2  3  4 |
---------------+-------------+-----
Invocations    | 1 |  1.3
Short Blades   | 1 |  1.2
Long Blades    | 1 |  1.2
Maces & Flails | 1 |  1.2
Polearms       | 1 |  1.2
Staves         | 1 |  1.2
Slings         | 1 |  1.2
Bows           | 1 |  1.2
Crossbows      | 1 |  1.2
Armour         | 1 |  1.2
Stealth        | 1 |  1.2
Shields        | 1 |  1.2
Unarmed Combat | 1 |  1.2
Spellcasting   | 1 |  1.2
Evocations     | 1 |  1.2
Conjurations   | 1 |  1.0
Hexes          | 1 |  1.0
Charms         | 1 |  1.0
Summonings     | 1 |  1.0
Necromancy     | 1 |  1.0
Translocations | 1 |  1.0
Transmutations | 1 |  1.0
Fire Magic     | 1 |  1.0
Ice Magic      | 1 |  1.0
Air Magic      | 1 |  1.0
Earth Magic    | 1 |  1.0
Poison Magic   | 1 |  1.0
Fighting       | |  4.7
Axes           | |  6.6
Throwing       | |  4.7
Dodging        | |  6.6

Action                   |  1- 3 |  4- 6 || total
-------------------------+-------+-------++-------
Melee: War axe           |    87 |    39 ||   126
       Bite              |    14 |     3 ||    17
  Use: Scroll            |       |     6 ||     6
       Potion            |       |     4 ||     4
 Stab: Sleeping          |     5 |     1 ||     6
  Eat: Chunk             |       |     2 ||     2
Armor: Leather armour    |    24 |     9 ||    33
Dodge: Dodged            |    97 |    74 ||   171
